Unix NetHack Version 3.7.0-101 Work-in-progress - last build Mar 4 2024 02:26:32 (3c4ac04b664b9ee0831c739617f054b5b60dbfd1,branch:master). Game began 2024-03-10 08:19:20, ended 2024-03-10 08:27:52. elenmirie, neutral female gnomish Archeologist ------ --------------- ---------- ------------- |....-#####-.`...........| |>........##############............| |(...| |..............####.......(.|# |...........| |..... #..............| |......... |...........| |....| ##-------------.- -------+-- ----------.-- --.--- ## ### # # # # # ## # ### ###### # # # # # ### # "### ### ## ## ### #@##### -|---.|--- ###### q |........| -.----.---+---- .. |........| |....<........| |.. |........| |...........{.| |.. |........| |.............| |. |........| --------------- -- ---------- Elenmirie the Field Worker St:13 Dx:9 Co:14 In:15 Wi:17 Ch:8 Neutral Dlvl:5 $:26 HP:0(36) Pw:20(20) AC:9 Xp:4/131 T:1951 Latest messages: You finish eating the rock mole corpse. You see here an iguana corpse. There is an iguana corpse here; eat it? [ynq] (n) y This iguana corpse tastes terrible! You finish eating the iguana corpse. You lash the iguana. You kill the iguana! You miss the lichen. You kill the lichen! You see here a food ration. You learn more about your items by comparing them. d - an uncursed food ration (6 in total). You see here a large box. Hmmm, the large box turns out to be locked. You see here a purple-red potion. B - a purple-red potion. $ - 5 gold pieces (26 in total). What do you want to use or apply? [aegmtwA or ?*] w You put a purple-red potion into the sack. You find a hidden passage. The cave spider bites! You miss the cave spider. The cave spider bites! You lash the cave spider. The cave spider bites! You kill the cave spider! You stumble into a spider web! You are stuck to the web. You disentangle yourself. The rothe hits! The rothe bites! The rothe bites again! You miss the rothe. The rothe hits! The rothe bites! The rothe bites again! You miss the rothe. The rothe hits! The rothe bites! The rothe bites again! You lash the rothe. The rothe hits! The rothe bites! The rothe bites again! You die... Do you want your possessions identified? [ynq] (y) y Do you want to see your attributes? [ynq] (y) y Do you want an account of creatures vanquished? [ynaq] (y) y Do you want to see your conduct and achievements? [ynq] (y) y Do you want to see the dungeon overview? [ynq] (y) y Inventory: Coins $ - 26 gold pieces Weapons r - 14 uncursed +0 darts k - 2 uncursed +0 shuriken a - a blessed +2 bullwhip (weapon in right hand) Armor c - an uncursed +0 fedora (being worn) b - an uncursed +0 leather jacket (being worn) Comestibles d - 6 uncursed food rations Rings q - a cursed -2 ring of protection Wands A - an uncursed wand of polymorph (0:4) Tools w - an uncursed sack containing 7 items e - an uncursed +0 pick-axe (alternate weapon; not wielded) m - a cursed tin whistle t - an uncursed tinning kit (0:93) Gems/Stones g - an uncursed touchstone Contents of the sack: 2745 gold pieces an uncursed scroll of create monster an uncursed scroll of destroy armor an uncursed scroll of gold detection an uncursed scroll of remove curse an uncursed potion of booze 2 uncursed potions of fruit juice Elenmirie the Archeologist's attributes: Background: You were a Field Worker, a level 4 female gnomish Archeologist. You were neutral, nominally on a mission for Camaxtli who was opposed by Quetzalcoatl (lawful) and Huhetotl (chaotic). You were right-handed. You were in the Dungeons of Doom, on level 5. You entered the dungeon 1951 turns ago. There was a new moon in effect when your adventure ended. You had 131 experience points, 29 more were needed to attain level 5. Basics: You had 0 out of 36 hit points. You had all 20 energy points (spell power). Your armor class was 9. Your wallet contained 26 zorkmids, and you had 2745 more stashed away in your pack. Autopickup was on for '$' plus thrown. Final Characteristics: Your strength was 13 (limit:18/50). Your dexterity was 9 (limit:18). Your constitution was 14 (limit:18). Your intelligence was 15 (limit:19). Your wisdom was 17 (limit:18). Your charisma was 8 (limit:18). Final Status: You weren't hungry. You were unencumbered. You were wielding a whip. You had basic skill with whip. Final Attributes: You were devoutly aligned. You had automatic searching. You had infravision. You are dead. Miscellaneous: You never encountered a bones level. Total elapsed playing time was 8 minutes and 28 seconds. Major events: Turn 1: elenmirie the neutral female gnomish Archeologist entered the dungeon 315: entered the Gnomish Mines 1292: attained the rank of Field Worker (level 3) 1951: killed by a rothe Vanquished creatures: a rock mole 2 little dogs a floating eye a homunculus a kobold shaman a werejackal 2 iguanas 2 large kobolds a cave spider 5 geckos 3 jackals a fox a kobold 2 sewer rats 3 grid bugs 2 lichens a kobold zombie 5 newts 35 creatures vanquished. No species were genocided or became extinct. Voluntary challenges: You were an atheist. You read items or engraved 1 time. You never engraved Elbereth. You never genocided any monsters. You never polymorphed an object. You never changed form. You used no wishes. Achievements: You entered the Gnomish Mines. You attained the rank of Field Worker. The Dungeons of Doom: levels 1 to 5 Level 1: A fountain, a sink. Level 2: Stairs down to The Gnomish Mines. Level 3: A fountain. Level 4: Level 5: <- You were here. A sink. Final resting place for you, killed by a rothe. The Gnomish Mines: Level 3: Game over: ---------- / \ / REST \ / IN \ / PEACE \ / \ | elenmirie | | 2771 Au | | killed by a | | rothe | | | | | | 2024 | *| * * * | * _________)/\\_//(\/(/\)/\//\/|_)_______ Goodbye elenmirie the Archeologist... You died in The Dungeons of Doom on dungeon level 5 with 3218 points, and 2771 pieces of gold, after 1951 moves. You were level 4 with a maximum of 36 hit points when you died.